Map: Torches LE

Players

Millifrill

  • Race: Zerg Zerg
  • League: Silver
  • Spawn Location: 5:00

русич - Winner!

  • Race: Protoss Protoss
  • League: Master
  • Spawn Location: 1:00

VOD

Have the link to the VOD?

Description

Time

  • Played on: Aug. 5, 2025, 8:52 a.m.
  • Length: 9:51
Show
View Real Time Build Order
Export as new Build Order

Millifrill Zerg 

Build Orders: Pool First 

Get SALT Encoding   

  12  0:01  Drone  
  13  0:18  Drone  
  13  0:20  Extractor  
  13  0:21  Drone  
  15  0:32  Spawning Pool  
  14  0:37  Extractor, Drone  
  15  1:02  Hatchery  
  14  1:08  Overlord  
  14  1:12  Extractor, Drone  
  15  1:27  Extractor  
  15  1:29  Zergling x4  
  16  1:34  Zergling x2  
  17  1:44  Drone  
  15  2:10  Spine Crawler  
  15  2:12  Spine Crawler  
  13  2:16  Spine Crawler x2  
  11  2:25  Drone  
  11  2:26  Drone x2  
  14  2:42  Spine Crawler  
  13  2:47  Spine Crawler  
  13  3:00  Drone x4  
  17  3:20  Zergling x2  
  17  3:21  Zergling x6  
  21  3:35  Zergling x8  
  25  3:58  Roach Warren, Overlord  
  25  4:02  Overlord  
  24  4:08  Drone x2  
  26  4:16  Metabolic Boost  
  26  4:31  Drone x4  
  30  4:35  Drone  
  33  4:52  Drone x2  
  33  4:53  Drone  
  34  5:18  Hatchery  
  33  5:31  Hatchery  
  33  5:33  Lair  
  30  5:51  Queen  
  28  6:18  Drone x6  
  34  6:29  Spore Crawler  
  33  6:38  Spine Crawler  
  32  6:43  Roach  
  32  6:44  Roach x4  
  42  6:54  Spine Crawler  
  42  6:59  Spine Crawler  
  40  7:02  Roach x2  
  44  7:08  Zergling x4  
  44  7:09  Zergling x2  
  44  7:10  Zergling x2  
  45  7:19  Roach  
  41  7:28  Roach  
  38  7:33  Roach  
  36  7:56  Spawning Pool  
  35  8:18  Overlord x3  
  35  8:46  Spore Crawler  
  35  8:48  Spore Crawler  
  33  8:49  Spore Crawler  
  33  8:50  Spore Crawler  
  33  8:52  Spore Crawler  
  30  8:58  Spore Crawler  
  30  8:59  Spore Crawler x3  
  30  9:00  Drone x7  
  33  9:03  Spore Crawler x2  
  33  9:05  Drone  
  31  9:22  Spine Crawler  
  32  9:33  Spine Crawler  
Show
View Real Time Build Order
Export as new Build Order

русич Protoss - Winner!

Build Orders: Cannon Rush 

Get SALT Encoding   

  12  0:00  Probe  
  13  0:17  Probe, Pylon  
  14  0:25  Probe  
  15  0:41  Forge  
  15  0:43  Probe  
  16  1:06  Pylon  
  16  1:28  Photon Cannon  
  16  1:29  Photon Cannon  
  16  1:31  Photon Cannon  
  16  1:38  Probe  
  17  1:45  Gateway  
  17  2:03  Photon Cannon  
  17  2:07  Pylon  
  17  2:10  Pylon  
  17  2:22  Pylon  
  17  2:34  Photon Cannon  
  17  2:35  Photon Cannon  
  17  2:37  Photon Cannon  
  17  2:43  Zealot  
  19  2:51  Probe  
  20  3:08  Cybernetics Core  
  20  3:09  Zealot  
  22  3:27  Assimilator  
  22  3:31  Assimilator  
  22  3:48  Shield Battery  
  22  4:03  Pylon  
  22  4:05  Pylon  
  22  4:10  Zealot  
  22  4:11  Warp Gate  
  24  4:25  Stalker  
  24  4:29  Gateway x2  
  24  4:32  Gateway  
  26  4:50  Stalker  
  28  5:11  Stalker  
  28  5:16  Probe  
  31  5:28  Probe  
  32  5:37  Stalker  
  32  5:40  Probe  
  35  5:58  Shield Battery  
  34  6:13  Stalker  
  34  6:14  Stalker  
  34  6:15  Stalker  
  40  6:45  Stalker x2  
  40  6:46  Stalker  
  40  7:26  Stalker  
  40  7:27  Stalker x3  
  46  7:55  Twilight Council  
  46  8:15  Pylon  
  46  8:17  Pylon  
  46  8:19  Pylon  
  44  8:35  Stalker x3  
  44  8:37  Stalker  
  52  8:57  Pylon  
  50  9:19  Stalker x2  
Tags
 
Add a new tag
Caveats
  • Supply blocks, unpowered buildings, or Contaminate may cause inaccurate times.
  • Supply counts are checked every 10 seconds.